 Dungeon Crawl Stone Soup version 0.26.1-11-gd32895ea62 (webtiles) character file.

Game seed: 14341802366338443182

128 BorisBritva the Ruffian (level 5, 0/33 HPs)
             Began as a Gargoyle Monk on July 13, 2021.
             Blown up by Ijyb (24 damage)
             ... with a disintegration bolt
             ... on level 3 of the Dungeon.
             The game lasted 00:09:50 (2403 turns).

BorisBritva the Ruffian (Gargoyle Monk)             Turns: 2403, Time: 00:09:51

Health: 0/33       AC: 10    Str: 16    XL:     5   Next: 12%
Magic:  5/5        EV: 10    Int: 10    God:
Gold:   157        SH:  0    Dex: 12    Spells: 4/4 levels left

rFire    . . .     SeeInvis .     - Unarmed
rCold    . . .     Faith    .   (no shield)
rNeg     + + .     Spirit   .   e - +0 scale mail
rPois    ∞         Reflect  .   (no helmet)
rElec    +         Harm     .   (no cloak)
rCorr    .         Rampage  .   (no gloves)
Will     .....                  (no boots)
Stlth    ..........             c - amulet of the acrobat
HPRegen  0.11/turn              l - ring of positive energy
MPRegen  0.09/turn              (no ring)

@: confused
A: negative energy resistance 1, electricity resistance, unbreathing,
petrification resistance, miasma immunity, AC +4
a: no special abilities


You were on level 3 of the Dungeon.
You visited 1 branch of the dungeon, and saw 3 of its levels.

You collected 157 gold pieces.

Inventory:

Armour
 e - a +0 scale mail (worn)
 f - a +0 ring mail of poison resistance
Jewellery
 c - an amulet of the acrobat (around neck)
 l - a ring of positive energy (left hand)
Wands
 p - a wand of flame (10)
Scrolls
 h - 5 scrolls of remove curse
 i - a scroll of immolation {unknown}
 j - 3 scrolls of blinking
 m - a scroll of noise {unknown}
 n - 2 scrolls of amnesia {unknown}
 q - a scroll of enchant armour {unknown}
 s - 2 scrolls of teleportation {unknown}
 x - a scroll of enchant weapon {unknown}
Potions
 a - a potion of mutation {unknown}
 b - 2 potions of magic
 g - 2 potions of might {unknown}
 k - a potion of curing {unknown}
 o - a potion of lignification {unknown}
 r - a potion of berserk rage {unknown}
 t - a potion of attraction {unknown}
 u - a potion of degeneration {unknown}
 v - a potion of cancellation {unknown}
 w - a potion of flight {unknown}
 z - a potion of brilliance {unknown}


   Skills:
 * Level 4.3 Fighting
 + Level 1.9 Armour
 - Level 2.4 Dodging
 - Level 2.1 Stealth
 + Level 4.6 Unarmed Combat


You had 4 spell levels left.
You didn't know any spells.
Your spell library was empty.

Dungeon Overview and Level Annotations

Branches:
Dungeon (3/15)

Altars:

Annotations:
D:3 Ijyb


Innate Abilities, Weirdness & Mutations

You are resistant to torment.
Your stone body is resilient. (AC +4)
You are immune to poison.
You resist negative energy. (rN+)
You are resistant to electric shocks. (rElec)
You can survive without breathing.
You are immune to petrification.
You are immune to miasma.


Message History

The kobold shouts!
You hit Ijyb.
Ijyb is moderately wounded.
The jackal barely misses you. x2
The howler monkey hoots and howls with incredible vigour!
The jackal completely misses you. The jackal barely misses you.
Ijyb hits you but does no damage.
Blink to where?
Press: ? - help, Dir - move target You can't see that place. [the floor.]
Okay, then.
You are confused.
You feel invigorated.
The jackal bites you but does no damage.
The jackal barely misses you.
You bump into the rock wall.
The jackal bites you.
Ijyb zaps a wand.
You are blasted!
Ouch! That really hurt!
You die...

#### ≈.≈. ≈.≈.. ≈≈≈≈≈
########### ≈≈≈≈..
#.......... ≈≈≈≈.≈#
#.######### ≈≈≈≈r.g##
####.## ≈ #@###.....##
≈≈≈.#hh##......#######
≈≈≈≈≈................##
≈≈≈≈....##K.....####.##
≈≈≈....###......####.##
≈≈.≈≈..# ###...........
.......# #...........
#####..# #...^.......
#.. #...#####.##


You could see Ijyb, 2 jackals, a kobold and a rat.

Vanquished Creatures
  5 adders
  A gnoll (D:2)
  A worm (D:3)
  A dart slug (D:1)
  3 leopard geckos
  4 orcs (D:3)
  9 bats
  4 giant cockroaches
  6 goblins
  5 hobgoblins
  6 kobolds
  A quokka (D:3)
  5 frilled lizards
  15 rats
66 creatures vanquished.

Notes
Turn   | Place    | Note
-------+----------+-------------------------------------------
     0 | D:1      | BorisBritva the Gargoyle Monk began the quest for the Orb.
     0 | D:1      | Reached XP level 1. HP: 14/14 MP: 1/1
   494 | D:1      | Reached XP level 2. HP: 19/19 MP: 2/2
  1249 | D:2      | Reached XP level 3. HP: 24/24 MP: 3/3
  1342 | D:2      | Reached skill level 1 in Armour
  1539 | D:2      | Reached XP level 4. HP: 28/29 MP: 4/4
  2149 | D:3      | Reached XP level 5. HP: 27/33 MP: 5/5
  2379 | D:3      | Noticed Ijyb
  2403 | D:3      | Blown up by Ijyb

Illustrated notes

Levels and vault maps discovered:
D:1:      sevenhm_arrival_forest_fort_large_1, layout_loops_ring
D:2:      layout_rooms, minmay_surrounded
D:3:      layout_loops_ring, chequers_ecumenical_altar_island, uniq_ijyb

Skill      XL: |  1  2  3 |
---------------+----------+-----
Fighting       | 4 |  4.3
Unarmed Combat | 4 |  4.6
Armour         | 1 |  1.9
Dodging        | |  2.4
Stealth        | |  2.1

Action                   |  1- 3 |  4- 6 || total
-------------------------+-------+-------++-------
Melee: Unarmed           |   138 |   107 ||   245
       Punch             |     5 |     2 ||     7
  Use: Scroll            |       |     4 ||     4
       Potion            |       |     2 ||     2
Armor: Robe              |     6 |       ||     6
       Scale mail        |    43 |    35 ||    78
Dodge: Dodged            |   104 |    51 ||   155
